Map: Eternal Empire LE

Players

GOStephano (Stephano) - Winner!

  • Race: Zerg Zerg
  • League: Grandmaster
  • Spawn Location: 7:00

PtitDrogo

  • Race: Protoss Protoss
  • League: Grandmaster
  • Spawn Location: 1:00

Event: DreamHack SC2 Masters 2020 Fall

VOD

Have the link to the VOD?

Description

Time

  • Played on: Sept. 1, 2020, 11:36 a.m.
  • Length: 21:52

All games in this series

Show
View Real Time Build Order
Export as new Build Order

GOStephano Zerg - Winner!

Build Orders: Hatch First, Lurkers 

Get SALT Encoding   

  12  0:00  Drone  
  13  0:12  Overlord  
  13  0:16  Drone  
  14  0:30  Drone x2  
  16  0:49  Hatchery  
  15  0:50  Drone  
  15  0:54  Drone  
  17  0:57  Drone  
  18  1:08  Extractor  
  17  1:13  Spawning Pool  
  17  1:16  Drone  
  17  1:20  Drone  
  18  1:27  Drone  
  19  1:38  Drone  
  20  1:49  Drone  
  21  2:00  Queen x2  
  25  2:01  Zergling x4  
  27  2:11  Drone  
  27  2:12  Overlord  
  28  2:18  Metabolic Boost  
  28  2:29  Hatchery  
  27  2:30  Drone  
  27  2:33  Drone  
  27  2:35  Drone  
  30  2:42  Queen  
  32  2:47  Overlord  
  32  2:50  Drone  
  33  2:52  Drone  
  33  2:55  Drone  
  35  3:00  Drone  
  36  3:07  Zergling x4  
  36  3:08  Drone x2  
  36  3:09  Drone  
  36  3:11  Drone  
  42  3:15  Overlord  
  42  3:20  Queen  
  44  3:31  Overlord  
  44  3:34  Drone x3  
  46  3:36  Drone  
  46  3:39  Drone  
  49  3:41  Drone x3  
  49  3:42  Drone  
  49  3:48  Overlord  
  53  3:50  Overlord  
  53  3:57  Queen  
  55  4:08  Drone x3  
  58  4:11  Zergling x8  
  58  4:15  Overlord  
  58  4:16  Zergling x6  
  65  4:22  Roach Warren, Zergling x6  
  67  4:25  Overlord  
  67  4:28  Zergling x4  
  69  4:31  Spine Crawler  
  69  4:32  Zergling x2  
  69  4:37  Zergling x4  
  71  4:45  Spore Crawler  
  70  4:46  Spore Crawler  
  70  4:47  Zergling x10  
  70  4:51  Overlord  
  74  5:02  Roach x3  
  77  5:09  Roach x4  
  82  5:19  Zergling x4  
  72  5:23  Lair, Spore Crawler  
  72  5:26  Drone x4  
  69  5:31  Drone x2  
  69  5:34  Drone x2  
  70  5:40  Drone x2, Spore Crawler  
  72  5:42  Drone  
  72  5:44  Drone  
  72  5:47  Drone  
  74  5:55  Drone x4  
  74  5:56  Drone  
  79  6:01  Overlord  
  79  6:06  Drone x2  
  79  6:09  Extractor  
  79  6:10  Extractor  
  77  6:11  Roach x2  
  77  6:13  Drone x4  
  77  6:17  Drone x4  
  89  6:24  Glial Reconstitution  
  89  6:25  Drone x2  
  90  6:27  Extractor  
  90  6:29  Evolution Chamber, Overseer  
  88  6:39  Drone x7  
  93  6:44  Drone x3  
  94  6:51  Extractor x2  
  94  6:54  Drone x3  
  94  6:55  Zerg Missile Weapons Level 1  
  95  7:05  Overlord  
  95  7:11  Pneumatized Carapace  
  95  7:13  Drone x2  
  95  7:14  Drone  
  98  7:15  Hatchery  
  98  7:22  Roach x4  
  104  7:23  Hydralisk Den  
  104  7:26  Overlord x2  
  104  7:27  Overlord  
  103  7:36  Roach  
  103  7:37  Roach x4  
  112  7:40  Overlord  
  112  7:43  Ravager  
  113  7:45  Ravager  
  113  7:46  Ravager, Zergling x8  
  113  7:49  Queen x2  
  123  7:53  Roach, Ravager  
  123  7:54  Roach  
  123  7:55  Zergling x2  
  123  7:56  Zergling x2  
  129  7:58  Ravager  
  129  8:02  Roach x3  
  129  8:03  Zergling x2  
  137  8:09  Roach  
  137  8:10  Roach x2  
  142  8:14  Drone  
  142  8:16  Zergling x6  
  146  8:26  Evolution Chamber  
  146  8:27  Drone, Infestation Pit, Overlord x2  
  145  8:28  Drone  
  146  8:36  Drone x6  
  151  8:45  Drone x5  
  153  8:52  Muscular Augments  
  153  8:54  Drone x7  
  153  8:55  Lurker Den  
  159  8:58  Unknown  
  158  9:09  Overlord  
  157  9:15  Hydralisk x4  
  157  9:16  Hatchery  
  164  9:19  Drone x3  
  164  9:23  Hive  
  166  9:36  Roach x5  
  175  9:38  Overlord x3  
  175  9:42  Zerg Missile Weapons Level 2  
  175  10:03  Grooved Spines  
  175  10:04  Zerg Ground Armor Level 1  
  175  10:11  Drone x2  
  177  10:16  Hydralisk x11  
  199  10:21  Overlord  
  199  10:22  Overlord x2  
  197  10:29  Extractor  
  197  10:33  Extractor  
  192  10:36  Hydralisk  
  192  10:37  Hydralisk x2  
  191  10:43  Hydralisk x7  
  189  10:52  Seismic Spines  
  179  11:03  Lurker x4  
  179  11:04  Lurker x3  
  180  11:07  Overlord  
  180  11:12  Drone x3  
  180  11:13  Drone x2  
  180  11:14  Drone x3  
  180  11:15  Spine Crawler, Hatchery  
  187  11:18  Lurker x3  
  187  11:20  Overlord  
  187  11:22  Hatchery  
  188  11:28  Zergling x2  
  189  11:35  Lurker x5  
  194  11:40  Overseer  
  194  11:41  Overseer  
  194  11:42  Overseer  
  194  11:49  Adaptive Talons  
  194  11:54  Hydralisk x3  
  194  12:15  Hydralisk x2  
  179  12:30  Hydralisk x11  
  179  12:34  Zerg Ground Armor Level 2  
  179  12:35  Zerg Missile Weapons Level 3  
  187  12:38  Spire  
  187  12:40  Zergling x28  
  187  12:44  Drone x2  
  184  12:45  Drone x6  
  190  12:53  Spire  
  190  12:56  Spine Crawler  
  190  12:57  Spine Crawler  
  187  12:58  Spine Crawler  
  187  13:02  Lurker x3  
  187  13:03  Lurker x2, Zergling x2  
  187  13:04  Zergling x16  
  200  13:10  Unknown  
  199  13:13  Spine Crawler x2  
  199  13:14  Spine Crawler  
  184  13:31  Hydralisk x8  
  190  14:07  Hydralisk x7  
  194  14:12  Zergling x22  
  199  14:18  Hydralisk  
  198  14:26  Overlord  
  192  14:36  Hydralisk x4  
  200  14:43  Extractor  
  200  14:44  Hydralisk x5  
  197  14:45  Extractor  
  197  14:49  Zergling x16  
  197  14:51  Overlord  
  197  14:52  Overlord  
  181  15:00  Zerg Flyer Armor Level 1, Zerg Flyer Weapons Level 1  
  157  15:12  Zerg Melee Weapons Level 1  
  138  15:14  Hydralisk x9  
  138  15:18  Zergling x6  
  138  15:19  Zergling x16  
  138  15:21  Drone x5  
  156  15:24  Lurker x4  
  158  15:29  Lurker x3  
  158  15:30  Overseer x2  
  158  15:33  Lurker, Hydralisk x4  
  158  15:34  Overseer x2  
  168  15:41  Zerg Ground Armor Level 3  
  168  15:43  Lurker x2  
  168  15:44  Lurker  
  168  15:49  Lurker x4  
  174  16:00  Adrenal Glands  
  166  16:09  Hydralisk x7  
  177  16:14  Overlord  
  173  16:28  Zergling x32  
  181  16:42  Zergling x20  
  181  17:00  Zerg Flyer Weapons Level 2, Zerg Flyer Armor Level 2  
  180  17:12  Hydralisk x6  
  180  17:13  Hydralisk x2  
  189  17:20  Hatchery  
  166  17:25  Corruptor x4  
  165  17:42  Drone x8  
  165  17:43  Unknown  
  169  17:44  Drone  
  169  17:45  Drone x4  
  171  17:54  Lurker x11  
  171  17:55  Hydralisk  
  184  18:01  Zerg Melee Weapons Level 2  
  184  18:17  Overseer x2  
  184  18:20  Spine Crawler  
  183  18:40  Unknown  
  179  18:43  Corruptor x9  
  191  18:51  Viper  
  194  19:09  Spine Crawler  
  193  19:10  Spine Crawler  
  193  19:12  Spine Crawler, Overseer  
  185  19:19  Zergling x2  
  185  19:20  Zergling x28  
  199  19:39  Spine Crawler x2  
  199  19:40  Spine Crawler  
  199  19:42  Overseer x2  
  173  19:53  Hydralisk x15  
  173  19:56  Zergling x22  
  190  20:12  Zergling x2  
  190  20:13  Zergling x30  
  186  20:22  Hydralisk x8  
  191  20:44  Lurker x9  
  191  20:48  Overseer  
  200  20:50  Overseer  
  200  21:06  Spine Crawler  
  200  21:07  Hatchery  
  200  21:09  Spine Crawler  
  197  21:12  Lurker x3  
Show
View Real Time Build Order
Export as new Build Order

PtitDrogo Protoss 

Build Orders: 1 Gate Expand, Archon Immortal, Mass Adepts 

Get SALT Encoding   

  12  0:00  Probe  
  13  0:12  Probe  
  14  0:20  Pylon  
  14  0:24  Probe  
  15  0:34  Assimilator  
  15  0:38  Probe (Chrono Boost)  
  16  0:47  Gateway  
  16  0:48  Probe (Chrono Boost)  
  17  0:53  Probe (Chrono Boost)  
  18  1:05  Probe  
  19  1:17  Probe  
  20  1:24  Nexus  
  20  1:34  Cybernetics Core  
  20  1:38  Probe  
  21  1:42  Assimilator  
  21  1:50  Probe  
  21  1:51  Pylon  
  22  2:02  Probe  
  22  2:08  Adept (Chrono Boost)  
  23  2:14  Probe  
  23  2:15  Warp Gate  
  26  2:18  Twilight Council  
  26  2:28  Adept (Chrono Boost), Probe (Chrono Boost)  
  27  2:36  Probe (Chrono Boost)  
  31  2:45  Probe x2 (Chrono Boost)  
  31  2:49  Robotics Facility  
  31  2:51  Probe  
  33  2:55  Stalker  
  35  2:59  Probe  
  35  3:03  Probe  
  37  3:08  Resonating Glaives (Chrono Boost)  
  37  3:11  Gateway  
  37  3:15  Probe  
  37  3:18  Probe  
  39  3:31  Gateway x2  
  39  3:34  Probe  
  39  3:36  Warp Prism (Chrono Boost)  
  42  3:43  Pylon  
  42  3:45  Probe  
  43  3:49  Probe  
  43  3:51  Pylon  
  44  3:57  Probe  
  45  4:03  Probe  
  45  4:05  Adept x2  
  45  4:08  Observer  
  51  4:11  Probe  
  51  4:16  Pylon  
  52  4:17  Pylon  
  53  4:24  Probe  
  53  4:26  Adept x3  
  53  4:27  Adept  
  53  4:29  Probe  
  62  4:45  Probe x2  
  64  4:47  Assimilator  
  64  4:48  Adept x4  
  64  4:50  Assimilator  
  72  4:58  Probe  
  73  5:09  Adept x2  
  73  5:13  Pylon  
  73  5:14  Adept  
  77  5:18  Adept  
  77  5:20  Probe  
  68  5:21  Probe  
  59  5:32  Probe  
  59  5:33  Probe  
  59  5:34  Immortal (Chrono Boost)  
  59  5:35  Adept x3  
  65  5:44  Probe  
  65  5:45  Probe  
  67  5:56  Probe  
  68  5:58  Probe  
  68  5:59  Adept x4  
  77  6:09  Immortal (Chrono Boost)  
  81  6:12  Probe  
  81  6:15  Nexus  
  80  6:26  Probe  
  80  6:28  Forge  
  79  6:38  Immortal (Chrono Boost), Probe  
  79  6:39  Charge (Chrono Boost)  
  78  6:44  Protoss Ground Weapons Level 1 (Chrono Boost)  
  78  6:46  Probe  
  81  6:52  Gateway  
  81  6:55  Sentry x2  
  81  6:56  Gateway x2  
  81  6:57  Gateway  
  81  7:00  Pylon  
  85  7:02  Probe  
  86  7:10  Gateway  
  86  7:18  Templar Archives  
  86  7:19  Sentry x2  
  91  7:23  Adept  
  91  7:24  Adept  
  91  7:27  Probe x2  
  91  7:28  Probe  
  97  7:36  Pylon  
  97  7:38  Pylon  
  97  7:39  Probe x2  
  97  7:40  Probe  
  100  7:48  Assimilator x2  
  100  7:49  Adept x2  
  104  7:51  Probe x2  
  104  7:53  Zealot  
  104  7:56  Zealot x3  
  104  7:57  Zealot  
  116  8:00  Zealot  
  116  8:13  Probe x2  
  116  8:15  Psionic Storm  
  116  8:16  Adept x3  
  120  8:21  Shield Battery  
  120  8:25  Immortal  
  124  8:32  Pylon  
  124  8:35  Pylon  
  124  8:43  Pylon  
  116  8:49  Nexus  
  116  8:50  High Templar x5  
  116  8:54  Warp Prism  
  126  9:04  Probe x2  
  126  9:07  Unknown  
  126  9:08  Gateway  
  130  9:10  Gateway  
  130  9:14  Probe  
  130  9:16  High Templar x2  
  135  9:17  Zealot x2  
  135  9:19  Protoss Ground Weapons Level 2 (Chrono Boost)  
  135  9:21  Archon  
  139  9:38  Immortal (Chrono Boost)  
  143  9:40  Zealot x2  
  143  9:41  High Templar  
  143  9:44  Pylon  
  143  9:45  Pylon  
  147  9:46  High Templar  
  147  9:50  Archon  
  147  9:51  Zealot  
  147  10:02  Probe x2  
  149  10:11  Immortal (Chrono Boost)  
  153  10:17  Probe x2  
  153  10:20  Photon Cannon  
  155  10:21  Pylon  
  155  10:22  High Templar x4  
  155  10:23  Zealot x5, Photon Cannon  
  155  10:24  Pylon  
  155  10:25  Pylon  
  173  10:29  Archon  
  173  10:30  Archon  
  163  10:44  Probe  
  163  10:47  Probe  
  163  10:48  Stalker x7  
  177  10:52  Probe  
  177  10:55  Zealot x4  
  175  10:58  Probe  
  175  11:05  Probe x3  
  175  11:06  Warp Prism (Chrono Boost)  
  175  11:09  Blink  
  180  11:16  High Templar x2  
  184  11:28  High Templar x3  
  184  11:30  Zealot x5  
  184  11:31  Protoss Ground Weapons Level 3 (Chrono Boost)  
  184  11:32  Archon  
  200  11:44  Stargate  
  196  11:54  Pylon  
  178  12:04  Immortal (Chrono Boost)  
  171  12:09  Robotics Facility  
  168  12:19  Zealot x6  
  165  12:26  High Templar x4  
  165  12:27  Zealot  
  165  12:31  Observer (Chrono Boost), Archon x2  
  158  12:43  Nexus  
  158  12:45  Zealot x4, Pylon  
  158  12:46  Observer (Chrono Boost)  
  167  12:54  Photon Cannon  
  167  12:55  Photon Cannon  
  167  12:57  Photon Cannon x2  
  167  12:58  Shield Battery  
  167  12:59  Observer (Chrono Boost)  
  167  13:00  Assimilator  
  167  13:05  Assimilator  
  168  13:08  Zealot  
  171  13:14  Photon Cannon  
  171  13:17  Photon Cannon  
  171  13:18  Fleet Beacon  
  170  13:26  Zealot  
  170  13:27  Zealot x2  
  176  13:33  High Templar x6  
  186  13:37  Archon x3  
  186  13:46  Observer x2  
  172  13:58  High Templar x3  
  174  14:06  Zealot x2  
  174  14:07  Zealot x4  
  174  14:18  Mothership (Chrono Boost)  
  174  14:20  Immortal x2  
  178  14:35  High Templar x4  
  178  14:36  Zealot x2  
  180  14:40  Zealot  
  180  14:43  Zealot  
  180  14:52  Zealot  
  166  14:56  Zealot x2  
  152  15:01  Zealot  
  152  15:05  Zealot  
  148  15:07  Zealot x2  
  139  15:19  Zealot x3  
  133  15:30  Probe x2 (Chrono Boost)  
  131  15:36  High Templar x5  
  131  15:40  Archon x2  
  131  15:41  High Templar  
  143  15:47  High Templar x2  
  147  15:52  Archon  
  147  16:07  Pylon  
  147  16:08  Zealot  
  147  16:09  Pylon  
  147  16:10  Zealot x2  
  153  16:11  Zealot x2  
  153  16:15  Zealot  
  154  16:20  Zealot x2  
  149  16:33  Probe x2  
  149  16:34  Probe x2  
  139  16:45  Immortal x2  
  139  16:46  High Templar x3  
  143  16:50  High Templar x2  
  143  16:54  Archon  
  147  16:59  High Templar x3  
  153  17:02  Archon  
  153  17:11  Archon  
  135  17:32  Probe x2  
  135  17:33  Probe x3  
  135  17:36  Zealot x2  
  135  17:37  Zealot x2  
  140  17:39  High Templar x2  
  140  17:40  High Templar x2, Protoss Shields Level 1 (Chrono Boost)  
  148  17:44  Probe  
  148  17:45  Archon  
  148  17:46  Archon  
  148  17:48  Probe x4  
  153  17:56  Probe  
  154  18:00  High Templar x4, Probe  
  154  18:02  Probe  
  154  18:03  Photon Cannon, Probe x2  
  154  18:04  Archon x2  
  166  18:09  Probe  
  167  18:13  Probe  
  168  18:25  Probe  
  167  18:29  Zealot x4  
  169  18:41  Cybernetics Core  
  169  18:45  Cybernetics Core  
  169  18:52  Oracle (Chrono Boost)  
  168  18:58  High Templar x4  
  168  18:59  Zealot x3  
  168  19:00  Zealot  
  168  19:02  Archon x2  
  184  19:05  Nexus  
  184  19:06  Photon Cannon  
  170  19:37  Stalker x5  
  150  19:59  Nexus  
  112  20:03  Probe  
  112  20:04  High Templar x2  
  112  20:05  Zealot x6  
  98  20:30  Oracle (Chrono Boost)  
  98  20:32  Pylon  
  95  20:36  Zealot x6  
  95  20:40  High Templar x2  
  109  20:58  High Templar x2  
  109  20:59  Zealot x4  
  121  21:12  Zealot  
  121  21:13  Zealot  
  123  21:21  Probe x2  
  123  21:22  Zealot x4  
  133  21:30  Zealot  
  133  21:31  Zealot  
  137  21:38  Assimilator  
  137  21:39  Assimilator  
  121  21:41  Photon Cannon  
  121  21:43  Shield Battery  
  121  21:45  Archon  

Tags
 
Add a new tag
Caveats
  • Supply blocks, unpowered buildings, or Contaminate may cause inaccurate times.
  • Supply counts are checked every 10 seconds.